 Dungeon Sprint DCSS version 0.28-a0-410-gbef64dd269 (webtiles) character file.

Game seed: 5146889195995217058

1355 ugugthedestroyer the Carver (level 8, -6/72 HPs)
             Began as a Yellow Draconian Gladiator on Sept 6, 2021.
             Was a Priest of Hepliaklqana.
             Mangled by a boulder beetle (60 damage)
             ... in the Dungeon (Sprint VII: "The Pits").
             The game lasted 00:08:45 (670 turns).

ugugthedestroyer the Carver (DrGl)                   Turns: 670, Time: 00:08:45

Health: -6/72      AC:  8    Str: 17    XL:     8   Next: 37%
Magic:  8/8        EV: 19    Int: 18    God:    Hepliaklqana [***...]
Gold:   0          SH:  0    Dex: 13    Spells: 7/7 levels left

rFire   . . .      SeeInvis .   p - +2 scimitar of Pyromania {pain, Will+ Int+5}
rCold   . . .      Faith    .   (no shield)
rNeg    . . .      Spirit   .   (armour unavailable)
rPois   .          Reflect  .   b - +0 hat
rElec   .          Harm     .   (no cloak)
rCorr   +          Rampage  .   u - +0 pair of gloves
Will    +....      NoTele   +   t - +0 pair of boots
Stlth   ++........              (no amulet)
HPRegen 0.22/turn               e - +3 ring of intelligence
MPRegen 0.11/turn               o - +3 ring of evasion

@: no status effects
A: reduced essence, spit acid, AC +6, unfitting armour, cold-blooded, acid
resistance
a: Breathe Acid, Renounce Religion, Recall Ancestor, Ancestor Identity,
Transference


You were in the Dungeon.
You worshipped Hepliaklqana.
Hepliaklqana was most pleased with you.
You visited 1 branch

Inventory:

Hand Weapons
 a - a +0 long sword
 j - a +2 falchion of electrocution
 p - the +2 scimitar of Pyromania (weapon) {pain, Will+ Int+5}
   (You found it in the Dungeon)

   In the hands of one skilled in necromantic magic, it inflicts extra damage on
   living creatures.
   Int:       It affects your intelligence (+5).
   Will:      It increases your willpower.
Missiles
 c - 3 throwing nets (quivered)
Armour
 b - a +0 hat (worn)
 t - a +0 pair of boots (worn)
 u - a +0 pair of gloves (worn)
Jewellery
 e - a +3 ring of intelligence (left hand)
 o - a +3 ring of evasion (right hand)
Wands
 f - a wand of digging (4)
Scrolls
 i - a scroll of blinking
 l - 5 scrolls of amnesia
 m - a scroll of summoning
Potions
 d - 9 potions of curing
 g - 4 potions of magic
 h - 3 potions of berserk rage
 k - a potion of invisibility
 n - a potion of attraction {unknown}
 q - 6 potions of heal wounds
 r - a potion of might
 s - a potion of haste


   Skills:
 * Level 10.7 Fighting
 + Level 11.9 Long Blades
 - Level 2.0 Throwing
 + Level 9.6 Dodging
 - Level 3.8 Stealth


You had 7 spell levels left.
You didn't know any spells.
Your spell library was empty.

Dungeon Overview and Level Annotations

Branches:
Dungeon (1/1)

Altars:
Ashenzari
Cheibriados
Dithmenos
Elyvilon
Fedhas
Gozag
Hepliaklqana
Kikubaaqudgha
Makhleb
Nemelex Xobeh
Okawaru
Qazlal
Ru
Sif Muna
Trog
Uskayaw
Vehumet
Wu Jian
Xom
Yredelemnul
Zin
The Shining One
Beogh
Jiyva
Lugonu


Innate Abilities, Weirdness & Mutations

Your life essence is reduced to manifest your ancestor. (-10% HP)
You can spit globs of acid.
Your golden yellow scales are hard. (AC +6)
You cannot fit into any form of body armour.
You are cold-blooded and may be slowed by cold attacks.
You are resistant to acid. (rCorr)


Message History

t - a +0 pair of boots You see here a +0 pair of gloves.
u - a +0 pair of gloves You start putting on your armour.
You continue putting on your +0 pair of boots. x4
You finish putting on your +0 pair of boots.
You start putting on your armour.
You continue putting on your +0 pair of gloves. x4
You finish putting on your +0 pair of gloves.
You see here a +4 scale mail.
You see here a +2 war axe of freezing.
You see here a +4 quarterstaff of speed.
You see here a +2 halberd of venom.
There is an open door here.
There is an open door, spattered with blood here.
There is an open door here.
There is an open door here.
There is an open door here.
d - 9 potions of curing (gained 1)
Things that are here:
a +0 club; a +0 robe
Items here: ( ) ÷÷.
There is an open door here.
There is an open door to the Storerooms (Easy) here.
You open the huge gate.
There is a huge open gate to the Metal Vault (Medium) here.
There is a huge open gate to the Metal Vault (Medium) here.
You can now swap creatures with your ancestor.
You swap places.
You open the gate.
A cane toad, a boulder beetle and a gnoll come into view.
The gnoll shouts!
The boulder beetle curls into a ball and begins rolling!
There is an open gate here.
The cane toad stings you!!
You closely miss the cane toad. You tail-slap the cane toad.
The cane toad is lightly wounded.
The boulder beetle hits you!!!
Ouch! That really hurt!
You die...

#'#####'#####''######
..##.......##''#
..##.......##..#
####.......##..#
..##...<...##..####
..##.......##..#..###
..##.......##..#....##
####.......##..'.B...#
..###########..R@F°°.+
)############..'.g...#
)#....#...[##..#....##
)#....#...[##..#..###
.'....'...)##..####
'#....#.!))##..#
.#....#..))##..#
################


You could see the friendly Mirko the knight, a boulder beetle (rolling), a cane
toad (ally target) and a gnoll.

Vanquished Creatures
  2 polar bears (D)
  Sigmund (D)
  Edmund (D)
  A warg (D)
  An ice beast (D)
  A wolf (D)
  A centaur (D)
  Blork the orc (D)
  Jessica (D)
  A gnoll (D)
  A river rat (D)
  2 white imps (D)
  An ufetubus (D)
  A worm (D)
  A bat zombie (D)
  An endoplasm (D)
  A giant cockroach (D)
  2 frilled lizards (D)
  A jackal zombie (D)
22 creatures vanquished.

Vanquished Creatures (collateral kills)
  A jumping spider (D)
1 creature vanquished.

Vanquished Creatures (others)
  An ancestor (D)
1 creature vanquished.

Grand Total: 24 creatures vanquished

Notes
Turn   | Place    | Note
-------+----------+-------------------------------------------
     0 | D        | ugugthedestroyer the Draconian Gladiator began the quest
                  | for the Orb.
     0 | D        | Reached XP level 1. HP: 17/17 MP: 1/1
    47 | D        | Found a bloodstained altar of Trog.
    47 | D        | Found a shimmering blue altar of Sif Muna.
    47 | D        | Found a viscous altar of Jiyva.
    47 | D        | Found a hazy altar of Hepliaklqana.
    47 | D        | Found an opulent altar of Gozag.
    48 | D        | Found a glowing golden altar of the Shining One.
    48 | D        | Found a glowing silver altar of Zin.
    48 | D        | Found a basalt altar of Yredelemnul.
    48 | D        | Found a shimmering altar of Xom.
    48 | D        | Found an ornate altar of the Wu Jian Council.
    48 | D        | Found a sacrificial altar of Ru.
    48 | D        | Found a stormy altar of Qazlal.
    48 | D        | Found an iron altar of Okawaru.
    48 | D        | Found a sparkling altar of Nemelex Xobeh.
    48 | D        | Found a burning altar of Makhleb.
    48 | D        | Found a blossoming altar of Fedhas.
    48 | D        | Found a white marble altar of Elyvilon.
    48 | D        | Found a shadowy altar of Dithmenos.
    48 | D        | Found a snail-covered altar of Cheibriados.
    51 | D        | Found a corrupted altar of Lugonu.
    51 | D        | Found a radiant altar of Vehumet.
    52 | D        | Found an ancient bone altar of Kikubaaqudgha.
    52 | D        | Found a hide-covered altar of Uskayaw.
    52 | D        | Found a broken altar of Ashenzari.
    76 | D        | Became a worshipper of Hepliaklqana the Forgotten
   101 | D        | Reached skill level 4 in Long Blades
   101 | D        | Reached XP level 2. HP: 16/25 MP: 2/2
   238 | D        | Reached * piety under Hepliaklqana
   288 | D        | Noticed a centaur
   288 | D        | Noticed a wolf
   288 | D        | Noticed Jessica
   302 | D        | Killed a wolf
   303 | D        | Reached skill level 5 in Long Blades
   303 | D        | Reached XP level 3. HP: 25/29 MP: 3/3
   308 | D        | Killed a centaur
   309 | D        | Reached skill level 5 in Fighting
   309 | D        | Reached skill level 7 in Long Blades
   309 | D        | Reached skill level 5 in Dodging
   309 | D        | Reached XP level 4. HP: 32/37 MP: 4/4
   314 | D        | Killed Jessica
   315 | D        | Reached XP level 5. HP: 24/45 MP: 5/5
   317 | D        | Noticed Blork the orc
   330 | D        | Killed Blork the orc
   331 | D        | Reached skill level 8 in Long Blades
   346 | D        | Noticed a polar bear
   352 | D        | Killed a polar bear
   353 | D        | Reached skill level 9 in Long Blades
   353 | D        | Reached XP level 6. HP: 38/54 MP: 6/6
   354 | D        | Noticed a warg
   354 | D        | Noticed Sigmund
   354 | D        | Noticed Edmund
   366 | D        | Killed Edmund
   367 | D        | Reached skill level 10 in Long Blades
   367 | D        | Your scales start taking on a golden yellow colour.
   367 | D        | Reached XP level 7. HP: 48/62 MP: 7/7
   367 | D        | Gained mutation: You are resistant to acid. (rCorr) [Yellow
                  | Draconian growth]
   375 | D        | Killed Sigmund
   384 | D        | Reached skill level 11 in Long Blades
   384 | D        | Reached ** piety under Hepliaklqana
   385 | D        | Remembered your ancestor Mirko as a knight
   510 | D        | Noticed a polar bear
   510 | D        | Noticed a jumping spider
   513 | D        | Killed a jumping spider
   514 | D        | Reached skill level 10 in Fighting
   514 | D        | Reached XP level 8. HP: 58/71 MP: 8/8
   519 | D        | Killed a polar bear
   535 | D        | Got the +2 scimitar of Pyromania {pain, Will+ Int+5}
   656 | D        | Reached *** piety under Hepliaklqana
   667 | D        | Noticed a cane toad
   667 | D        | Noticed a boulder beetle
   670 | D        | Mangled by a boulder beetle

Illustrated notes

Levels and vault maps discovered:
D:        pitsprint [storerooms_1, entrance_room_1, metal_vault_1, armoury_3,
          mini_pit_1, grid_room_1, main_hall_1, silver_pit, the_coven_2,
          the_vestibule_1, steel_vault_4, golden_pit, hallway_of_sentries,
          crystal_vault_4, iron_vault_1, final_vault]

Skill      XL: |  1  2  3  4  5  6  7 |
---------------+----------------------+-----
Dodging        | 3 4 5 6 7 8 9 |  9.6
Long Blades    | 4 5 7 9 10 11 | 11.9
Throwing       | 2 |  2.0
Fighting       | 4 5 8 10 | 10.7
Stealth        | 2 3 |  3.8

Action                   |  1- 3 |  4- 6 |  7- 9 || total
-------------------------+-------+-------+-------++-------
Melee: Falchion          |    24 |    30 |    20 ||    74
       Long sword        |     4 |       |       ||     4
       Tailslap          |     2 |     5 |     3 ||    10
       Scimitar          |       |       |     1 ||     1
Invok: Ancestor Identity |     1 |       |       ||     1
       Ancestor Life: Kn |       |       |     1 ||     1
 Abil: Breathe Acid      |       |       |     2 ||     2
  Use: Potion            |     4 |     3 |     1 ||     8
 Stab: Invisible         |       |     3 |       ||     3
       Sleeping          |       |     2 |       ||     2
Armor: Skin              |    12 |     2 |     5 ||    19
Dodge: Dodged            |    26 |    12 |    13 ||    51

Table legend: (Time is in decaauts)
 A = Elapsed time spent in this place.
 B = Non-inter-level travel time spent in this place.
 C = Inter-level travel time spent in this place.
 D = Time resting spent in this place.
 E = Time spent auto-exploring this place.
 F = Levels seen in this place.
 G = Mean time per level.
                   A        B        C        D        E       F      G
               +--------+--------+--------+--------+--------+-----+--------+
         Total |    642 |    642 |      0 |      0 |      0 |   1 |  642.0 |
       Dungeon |    642 |    642 |      0 |      0 |      0 |   1 |  642.0 |
               +--------+--------+--------+--------+--------+-----+--------+

Top non-repeatable levels by time:
       D: 642 daAuts
